 Dungeon Crawl Stone Soup version 0.28.0-53-g5a82cb258f (webtiles) character file.

Game seed: 12306027377779887425

3164 Zeld the Thaumaturge (level 9, -9/45 HPs)
             Began as a Gargoyle Conjurer on June 1, 2022.
             Was an Initiate of Gozag.
             Mangled by Harold
             ... wielding a +0 glaive
              (24 damage)
             ... on level 8 of the Dungeon.
             The game lasted 00:12:42 (13688 turns).

Zeld the Thaumaturge (Gargoyle Conjurer)           Turns: 13688, Time: 00:12:42

Health: -9/45      AC:  9    Str: 10    XL:     9   Next: 94%
Magic:  18/22      EV: 12    Int: 24    God:    Gozag
Gold:   46         SH:  0    Dex:  8    Spells: 16/27 levels left

rFire   . . .      SeeInvis .   a - +3 whip
rCold   . . .      Faith    .   (no shield)
rNeg    + . .      Spirit   .   h - +0 robe
rPois   ∞          Reflect  .   (no helmet)
rElec   +          Harm     .   n - +0 cloak
rCorr   .          Rampage  .   (no gloves)
Will    +....                   (no boots)
Stlth   ++........              (no amulet)
HPRegen 0.15/turn               d - ring of willpower
MPRegen 0.18/turn               (no ring)

@: marked, gold aura
A: sickness immunity, AC +6, negative energy resistance 1, electricity
resistance, torment resistance 1, petrification resistance
a: Renounce Religion, Potion Petition, Call Merchant, Bribe Branch


You were on level 8 of the Dungeon.
You worshipped Gozag.
Gozag was noncommittal.
You visited 2 branches of the dungeon, and saw 9 of its levels.

You collected 938 gold pieces.
You spent 412 gold pieces at shops.
You paid 480 gold pieces to Gozag.

Inventory:

Hand Weapons
 a - a +3 whip (weapon)
Missiles
 l - 74 bolts
Armour
 h - a +0 robe (worn)
 n - a +0 cloak (worn)
Jewellery
 d - a ring of willpower (left hand)
Wands
 f - a wand of digging (6)
 r - a wand of iceblast (11)
 w - a wand of flame (13)
Scrolls
 g - a scroll of silence
 i - 2 scrolls of enchant armour
 q - 2 scrolls of brand weapon
 t - a scroll of summoning
 x - a scroll of holy word
 y - 2 scrolls of identify
Potions
 b - 2 potions of haste {unknown}
 c - 2 potions of attraction {unknown}
 e - 4 potions of heal wounds
 j - a potion of mutation {unknown}
 k - a potion of resistance {unknown}
 m - 8 potions of curing
 o - a potion of degeneration {unknown}
 p - a potion of ambrosia {unknown}
 s - 2 potions of flight {unknown}
 u - a potion of magic
 v - a potion of might


   Skills:
 - Level 4.0 Dodging
 - Level 4.0 Stealth
 * Level 9.7 Spellcasting
 - Level 8.0 Conjurations
 - Level 2.0 Hexes
 - Level 2.0 Translocations


You had 16 spell levels left.
You knew the following spells:

 Your Spells              Type           Power      Damage    Failure   Level
a - Magic Dart            Conj           100%       1d8       1%          1
b - Searing Ray           Conj           100%       2d8       1%          2
c - Fulminant Prism       Conj/Hex       17%        3d11      7%          4
d - Iskenderun's Mystic   Conj/Tloc      35%        2d8       7%          4

Your spell library contained the following spells:

 Spells                   Type           Power      Damage    Failure   Level
 Dazzling Flash           Conj/Hex       70%        N/A       1%          3
 Confusing Touch          Hex            21%        N/A       7%          3
 Lightning Bolt           Conj/Air       15%        1d29      28%         5
 Airstrike                Air            5%         N/A       47%         4
 Summon Lightning Spire   Summ/Air       11%        N/A       47%         4
 Yara's Violent Unravell  Hex/Tmut       8%         3d5       69%         5
 Lee's Rapid Deconstruct  Erth           5%         3d7*      83%         5
 Starburst                Conj/Fire      15%        6d6       85%         6
 Enfeeble                 Hex            10%        N/A       100%        7


Dungeon Overview and Level Annotations

Branches:
Dungeon (8/15)             Temple (1/1) D:4
   Lair: D:8-11

Altars:
Ashenzari
Cheibriados
Dithmenos
Elyvilon
Fedhas
Gozag
Hepliaklqana
Kikubaaqudgha
Makhleb
Nemelex Xobeh
Okawaru
Qazlal
Ru
Sif Muna
Trog
Uskayaw
Vehumet
Wu Jian
Xom
Yredelemnul
Zin
The Shining One

Shops:
D:7 !   D:8 ?

Annotations:
D:8 Harold, Maggie


Innate Abilities, Weirdness & Mutations

You are immune to sickness and miasma.
Your stone body is resilient. (AC +6)
You are immune to poison.
You resist negative energy. (rN+)
You are resistant to electric shocks. (rElec)
You are resistant to unholy torment.
You are immune to petrification.


Message History

Harold throws a throwing net.
The throwing net hits you.
You become entangled in the net!
You see here a throwing net.
Unknown command.
Casting: Iskenderun's Mystic Blast (dangerous; 7% risk of failure)
Confirm with . or Enter, or press ? or * to list all spells.
You can't see any susceptible monsters within range! (Use Z to cast anyway.)
You tear a large gash into the net.
A killer bee comes into view.
You shred the net and break free!
Harold hits you from afar with a +0 glaive!
A killer bee comes into view.
The wight misses you.
Things that are here:
15 gold pieces; a +0 shortbow; 29 arrows
Casting: Iskenderun's Mystic Blast (dangerous; 7% risk of failure)
Confirm with . or Enter, or press ? or * to list all spells.
You erupt in a blast of force!
The mystic blast hits Harold!
Harold is lightly wounded.
Harold is knocked back by the mystic blast.
The mystic blast hits the killer bee!
The killer bee is severely wounded.
The killer bee is knocked back by the mystic blast.
The killer bee slams into the rock wall!
You kill the killer bee!
The mystic blast hits the wight.
The wight is moderately damaged.
The wight is knocked back by the mystic blast.
Unknown command.
Unknown command.
Casting: Iskenderun's Mystic Blast (dangerous; 7% risk of failure)
Confirm with . or Enter, or press ? or * to list all spells.
You can't see any susceptible monsters within range! (Use Z to cast anyway.) Harold fires a harpoon shot at you.
The harpoon shot hits you.
You are yanked forward by the harpoon shot.
Harold hits you from afar with a +0 glaive!!
Ouch! That really hurt!
You die...
Your body crumbles into a pile of gold.

.##.#.# #### #.# #.# .##.#.#
#...(. #.# #)# .##.#.#
#......# #.# #)# .##.#.#
#......# #.# #.#
.##.#.#####......###.#####.#
........................>..#
.##.#....#......##....######
.##..............#.#..#
.####..88888888.@$y########
.......8888.888....$...zz..
#.####........@.z.######...
#.# .....8.....## $
#..........8.$...#
#..........$.....# $
#......8888}888..#
#......8888.888..# $ $
##...............#


You could see Harold, a killer bee and 2 wights.

Vanquished Creatures
  A steam dragon (D:7)
  Duvessa (D:7)
  An orc warrior (D:7)
  A water moccasin (D:6)
  2 black bears
  A sky beast (D:6)
  3 ogres
  3 centaurs
  A phantom (D:4)
  A kobold brigand (D:5)
  2 bullfrogs
  2 scorpions
  Dowan (D:7)
  A killer bee (D:8)
  19 wights
  A bullfrog zombie (D:6)
  A centaur zombie (D:4)
  A hound (D:6)
  A gnoll shaman (D:5)
  2 jellies
  5 orc priests
  A bullfrog skeleton (D:3)
  4 orc wizards
  A hound zombie (D:5)
  A howler monkey zombie (D:5)
  5 gnolls
  5 adders
  A white imp (D:7)
  An adder skeleton (D:4)
  3 worms
  2 dart slugs
  23 orcs
  9 ball pythons
  9 bats
  9 endoplasms
  A giant cockroach (D:2)
  5 goblins
  5 hobgoblins
  3 jackals (D:2)
  11 kobolds
  2 quokkas
  4 frilled lizards
  5 rats
161 creatures vanquished.

Vanquished Creatures (others)
  37 plants (D:8)
37 creatures vanquished.

Grand Total: 198 creatures vanquished

Notes
Turn   | Place    | Note
-------+----------+-------------------------------------------
     0 | D:1      | Zeld the Gargoyle Conjurer began the quest for the Orb.
     0 | D:1      | Reached XP level 1. HP: 10/10 MP: 3/3
    18 | D:1      | Found a faded altar of an unknown god.
   121 | D:1      | Reached XP level 2. HP: 15/15 MP: 1/5
   764 | D:1      | Learned a level 2 spell: Searing Ray
   994 | D:2      | Reached skill level 1 in Hexes
   994 | D:2      | Reached skill level 1 in Translocations
  1280 | D:2      | Reached XP level 3. HP: 19/19 MP: 2/6
  2305 | D:3      | Reached XP level 4. HP: 24/24 MP: 2/8
  3202 | D:3      | Reached skill level 3 in Spellcasting
  3202 | D:3      | Reached XP level 5. HP: 26/28 MP: 5/9
  3787 | D:4      | Noticed an ogre
  3798 | D:4      | Killed an ogre
  3799 | D:4      | Reached skill level 5 in Conjurations
  3799 | D:4      | Reached XP level 6. HP: 32/32 MP: 1/11
  4179 | D:4      | Reached skill level 4 in Spellcasting
  4527 | D:4      | Found a staircase to the Ecumenical Temple.
  4548 | Temple   | Entered the Ecumenical Temple
  4841 | Temple   | Became a worshipper of Gozag Ym Sagoz the Greedy
  5130 | D:4      | Learned a level 4 spell: Fulminant Prism
  5135 | D:4      | Learned a level 4 spell: Iskenderun's Mystic Blast
  5662 | D:5      | Entered Level 5 of the Dungeon
  5662 | D:5      | Noticed a black bear
  5671 | D:4      | Killed a black bear
  5672 | D:4      | Reached XP level 7. HP: 25/36 MP: 1/14
  5797 | D:5      | Reached skill level 5 in Spellcasting
  7789 | D:6      | Reached XP level 8. HP: 28/41 MP: 8/16
  7948 | D:6      | Reached skill level 6 in Spellcasting
  9125 | D:6      | Reached skill level 7 in Spellcasting
  9623 | D:7      | Noticed Duvessa
  9624 | D:7      | Noticed Dowan
 10039 | D:7      | Killed Duvessa
 10040 | D:7      | Reached XP level 9. HP: 24/45 MP: 3/20
 10477 | D:7      | Killed Dowan
 10648 | D:7      | Found a stormy altar of Qazlal.
 11588 | D:7      | Reached skill level 8 in Spellcasting
 12557 | D:7      | Bought a potion of heal wounds for 65 gold pieces
 12557 | D:7      | Bought a potion of curing for 39 gold pieces
 12557 | D:7      | Bought a potion of magic for 104 gold pieces
 12557 | D:7      | Bought a potion of curing for 39 gold pieces
 12557 | D:7      | Bought a potion of heal wounds for 65 gold pieces
 12557 | D:7      | Bought a potion of might for 52 gold pieces
 12574 | D:8      | Noticed Maggie
 12752 | D:8      | Found Unolaqoebi's Magic Scroll Boutique.
 12757 | D:8      | Bought a scroll of identify for 24 gold pieces
 12757 | D:8      | Bought a scroll of identify for 24 gold pieces
 12838 | D:8      | Noticed Harold
 13207 | D:8      | Reached skill level 9 in Spellcasting
 13688 | D:8      | Mangled by Harold

Illustrated notes

Levels and vault maps discovered:
D:1:      minmay_arrival_stone_box, layout_basic,
          hellmonk_ecumenical_altar_crossroads,
          amcnicky_mini_rare_corridor_liquid
D:2:      layout_rooms, minmay_bisected
D:3:      layout_basic, minmay_crystal_room
D:4:      layout_rooms, kennysheep_big_empty_room
D:5:      layout_basic
D:6:      layout_loops_corners
D:7:      layout_rooms, nicolae_qazlal_general_emergency, uniq_duvessa
D:8:      layout_basic, david_lair_shrubbed, serial_shops, shop, special_room
          [special_room_orc], hellmonk_bongcloud_opening, uniq_harold,
          uniq_maggie
Temple:   mainiacjoe_temple_trianglar_array

Skill      XL: |  1  2  3  4  5  6  7  8  9 |
---------------+----------------------------+-----
Hexes          | 1 2 |  2.0
Translocations | 1 2 |  2.0
Spellcasting   | 3 4 5 7 9 |  9.7
Conjurations   | 5 6 7 8 |  8.0
Stealth        | 3 4 |  4.0
Dodging        | 3 4 |  4.0

Action                   |  1- 3 |  4- 6 |  7- 9 || total
-------------------------+-------+-------+-------++-------
Melee: Unarmed           |    36 |    18 |    47 ||   101
       Whip              |       |       |    11 ||    11
 Cast: Magic Dart        |    67 |    23 |     5 ||    95
       Searing Ray       |     3 |    34 |    47 ||    84
       Iskenderun's Myst |       |     1 |    60 ||    61
Invok: Call Merchant     |       |       |     1 ||     1
  Use: Scroll            |       |       |    12 ||    12
 Stab: Sleeping          |     3 |     2 |     2 ||     7
       Distracted        |       |       |     1 ||     1
       Fleeing           |       |       |     1 ||     1
Armor: Robe              |    17 |    28 |    62 ||   107
Dodge: Dodged            |    40 |    51 |   121 ||   212
